 Dungeon Crawl Stone Soup version 0.30-a0-613-gdd512c7efb (webtiles) character file.

Game seed: 1911254024172021437

90 porpoise the Shooter (level 4, -3/26 HPs)
             Began as a Deep Elf Hexslinger on Jan 9, 2023.
             Killed from afar by Natasha (8 damage)
             ... with a puff of flame
             ... on level 2 of the Dungeon.
             The game lasted 00:06:04 (1466 turns).

porpoise the Shooter (Deep Elf Hexslinger)          Turns: 1466, Time: 00:06:05

Health: -3/26      AC:  4    Str:  7    XL:     4   Next: 32%
Magic:  8/8        EV: 13    Int: 18    God:
Gold:   93         SH:  0    Dex: 17    Spells: 5/6 levels left

rFire   . . .      SeeInvis .    a - +1 sling
rCold   . . .      Faith    .    (no shield)
rNeg    . . .      Spirit   .    j - +1 robe of Pessimism {Archmagi}
rPois   .          Reflect  .    (no helmet)
rElec   .          Harm     .    s - +0 cloak
rCorr   .          Rampage  .    (no gloves)
Will    .....      Archmagi +    (no boots)
Stlth   ++                       (no amulet)
HPRegen 0.24/turn                (no ring)
MPRegen 0.11/turn                (no ring)

@: no status effects
A: no striking features
a: no special abilities


You were on level 2 of the Dungeon.
You visited 1 branch of the dungeon, and saw 2 of its levels.

You collected 93 gold pieces.

Inventory:

Hand Weapons
 a - a +1 sling (weapon)
 b - a +0 dagger
Missiles
 q - 5 javelins
Armour
 d - a +0 leather armour
 j - the +1 robe of Pessimism (worn) {Archmagi}
   (You took it off a hobgoblin on level 2 of the Dungeon)

   Archmagi:  It increases the power of your magical spells.
 s - a +0 cloak (worn)
Scrolls
 e - 3 scrolls of identify {unknown}
 h - a scroll of amnesia {unknown}
 i - a scroll of poison
 m - a scroll of fear {unknown}
 n - a scroll of blinking {unknown}
Potions
 f - a potion of flight {unknown}
 g - a potion of attraction {unknown}
 k - a potion of brilliance {unknown}
 l - a potion of magic
 o - a potion of degeneration {unknown}
 p - a potion of cancellation {unknown}
 r - a potion of might {unknown}


   Skills:
 + Level 2.0 Fighting
 * Level 5.3 Ranged Weapons
 - Level 2.4 Dodging
 - Level 1.5 Spellcasting
 - Level 4.0 Hexes


You had 5 spell levels left.
You knew the following spells:

 Your Spells              Type           Power      Damage    Failure   Level
a - Slow                  Hex            92%        N/A       3%          1

Your spell library contained the following spells:

 Spells                   Type           Power      Damage    Failure   Level
 Dazzling Flash           Conj/Hex       24%        N/A       26%         3
 Inner Flame              Hex/Fire       12%        N/A       26%         3
 Portal Projectile        Hex/Tloc       24%        N/A       26%         3
 Cigotuvi's Dreadful Rot  Necr/Pois/Air  4%         N/A       28%         2
 Cause Fear               Hex            11%        N/A       36%         4
 Hailstorm                Conj/Ice       2%         3d3       50%         3
 Dispel Undead            Necr           2%         3d7       88%         4
 Death Channel            Necr           1%         N/A       100%        6


Dungeon Overview and Level Annotations

Branches:
Dungeon (2/15)

Altars:

Annotations:
D:2 Natasha


Message History

You are too injured to fight recklessly!
Fire: a) +1 sling
Press: ? - help, Q - select action, (/) - cycle Shift-Dir - straight line, f/p - Natasha
Aim: Natasha, carrying a wand of flame (5) (severely wounded, 53% to hit)
You shoot a sling bullet. The sling bullet hits Natasha.
You kill Natasha!
Natasha yowls pathetically as she dies!
Your Fighting skill increases to level 2!
Your Ranged Weapons skill increases to level 5!
You have reached level 4!
You feel clever.
You start resting.
You feel yourself speed up.
You start resting.
Natasha, Servant of Life and Death comes into view.
She is carrying a wand of flame (5).
You shoot a sling bullet.
Natasha hisses angrily.
The sling bullet hits Natasha.
Natasha is moderately wounded.
Natasha zaps a wand.
The puff of flame hits you!
You are too injured to fight recklessly!
You are too injured to fight recklessly!
Fire: a) +1 sling
Press: ? - help, Q - select action, (/) - cycle Shift-Dir - straight line, f/p - Natasha
Aim: Natasha, carrying a wand of flame (4) (moderately wounded, 55% to hit)
You shoot a sling bullet. The sling bullet barely misses Natasha.
Fire: a) +1 sling
Press: ? - help, Q - select action, (/) - cycle Shift-Dir - straight line, f/p - Natasha
Aim: Natasha, carrying a wand of flame (4) (moderately wounded, 55% to hit)
You shoot a sling bullet. The sling bullet barely misses Natasha.
Natasha zaps a wand.
The puff of flame hits you.
* * * LOW HITPOINT WARNING * * *
Fire: a) +1 sling
Press: ? - help, Q - select action, (/) - cycle Shift-Dir - straight line, f/p - Natasha
Aim: Natasha, carrying a wand of flame (3) (moderately wounded, 55% to hit)
Okay, then.
Unknown command.
It was a potion of magic.
Magic courses through your body.
Natasha zaps a wand.
The puff of flame hits you!
You die...

.#.# #.#
###.......#### #
.#.#########.#
#....#.#.#.#.####
..>..........#
#.#.#..........##
##############
#.#..#h#.#.#.#...
#.#...<)......###
#....#.#.#.#.####
#...............#
####†####.#.#.#.#..#
#..@.# #............
#.##.####.#.#.#.#..#
#.##.....##.#......#
#.#######.....####..
#.# #.....# ### #.#
#.....# # #.#
#.....# # #.####
#.....# # #....#
####### #


You could see Natasha.

Vanquished Creatures
  Natasha (twice) (D:2)
  A worm (D:2)
  An orc (D:2)
  2 endoplasms (D:1)
  3 giant cockroaches
  2 goblins
  2 hobgoblins
  3 jackals (D:1)
  3 kobolds
  A quokka (D:1)
  5 ball pythons (D:1)
  5 bats
  2 frilled lizards (D:1)
  3 rats (D:1)
35 creatures vanquished.

Notes
Turn   | Place    | Note
-------+----------+-------------------------------------------
     0 | D:1      | porpoise the Deep Elf Hexslinger began the quest for the
                  | Orb.
     0 | D:1      | Reached XP level 1. HP: 11/11 MP: 5/5
    65 | D:1      | Reached skill level 3 in Ranged Weapons
    72 | D:1      | Reached skill level 1 in Fighting
   125 | D:1      | Reached XP level 2. HP: 16/16 MP: 6/6
   355 | D:1      | Found a faded altar of an unknown god.
   447 | D:1      | Got the Compilation of Confrontation
   466 | D:1      | Reached skill level 4 in Ranged Weapons
   732 | D:2      | Reached XP level 3. HP: 20/20 MP: 7/7
   779 | D:2      | Identified the +1 robe of Pessimism {Archmagi}
   830 | D:2      | Noticed Natasha
   832 | D:2      | Killed Natasha
  1435 | D:2      | Noticed Natasha
  1440 | D:2      | Killed Natasha
  1441 | D:2      | Reached skill level 5 in Ranged Weapons
  1441 | D:2      | Reached XP level 4. HP: 12/26 MP: 8/8
  1462 | D:2      | Noticed Natasha
  1466 | D:2      | Killed from afar by Natasha

Illustrated notes

Levels and vault maps discovered:
D:1:      giann_horns, layout_loops_ring, ebering_ecumenical_altar_hall
D:2:      layout_loops_cross, moated_statue, st_stairs_9, columned_hall_lemuel,
          uniq_natasha

Skill      XL: |  1  2  3 |
---------------+----------+-----
Ranged Weapons | 3 4 5 |  5.3
Fighting       | 1 2 |  2.0
Dodging        | |  2.4
Spellcasting   | |  1.5
Hexes          | |  4.0

Action                   |  1- 3 |  4- 6 || total
-------------------------+-------+-------++-------
 Fire: Sling             |    89 |     3 ||    92
 Cast: Slow              |     2 |       ||     2
  Use: Potion            |       |     1 ||     1
Armor: Leather armour    |     5 |       ||     5
       Robe              |     3 |       ||     3
Dodge: Dodged            |    28 |       ||    28

Table legend: (Time is in decaauts)
 A = Elapsed time spent in this place.
 B = Non-inter-level travel time spent in this place.
 C = Inter-level travel time spent in this place.
 D = Time resting spent in this place.
 E = Time spent auto-exploring this place.
 F = Levels seen in this place.
 G = Mean time per level.
                   A        B        C        D        E       F      G
               +--------+--------+--------+--------+--------+-----+--------+
         Total |   1496 |   1463 |     33 |     83 |   1123 |   2 |  748.0 |
       Dungeon |   1496 |   1463 |     33 |     83 |   1123 |   2 |  748.0 |
               +--------+--------+--------+--------+--------+-----+--------+

Top non-repeatable levels by time:
     D:2: 752 daAuts
     D:1: 744 daAuts
